 Dungeon Crawl Stone Soup version 0.29.1-13-g9f3cf754e1 (webtiles) character file.

Game seed: 8392926816305758615

313 sanboga the Ducker (level 6, -4/50 HPs)
             Began as a Merfolk Hunter on Jan 20, 2023.
             Was an Initiate of Trog.
             Slain by a black bear (5 damage)
             ... on level 4 of the Dungeon.
             The game lasted 00:05:11 (3326 turns).

sanboga the Ducker (Merfolk Hunter)                 Turns: 3326, Time: 00:05:11

Health: -4/50      AC:  8    Str:  7    XL:     6   Next: 43%
Magic:  6/6        EV:  3    Int:  8    God:    Trog [......]
Gold:   1854       SH:  5    Dex: 19    Spells: 5/5 levels left

rFire   + . .      SeeInvis +   g - +0 long sword
rCold   + . .      Faith    .   (no shield)
rNeg    + + +      Spirit   .   b - +0 chain mail
rPois   .          Reflect  +   (no helmet)
rElec   +          Harm     .   (no cloak)
rCorr   +          Rampage  .   (no gloves)
Will    +....                   (no boots)
Stlth   ..........              n - amulet of reflection
HPRegen 0.16/turn               q - ring of Olofill {rF+ rC+ rN+ rCorr}
MPRegen 0.10/turn               r - ring "Getenusi" {rElec rN++ Will+ Str-5 SInv}

@: studying Fighting
A: (nimble swimmer 2), mertail
a: Renounce Religion


You were on level 4 of the Dungeon.
You worshipped Trog.
Trog was noncommittal.
You visited 1 branch of the dungeon, and saw 4 of its levels.

You collected 1854 gold pieces.

Inventory:

Hand Weapons
 g - a +0 long sword (weapon)
Armour
 b - a +0 chain mail (worn)
Jewellery
 n - an amulet of reflection (around neck)
 q - the ring of Olofill (left hand) {rF+ rC+ rN+ rCorr}
   (You found it on level 3 of the Dungeon)

   [ring of positive energy]

   rF:        It protects you from fire.
   rC:        It protects you from cold.
   rN:        It protects you from negative energy.
   rCorr:     It protects you from acid and corrosion.
 r - the ring "Getenusi" (right hand) {rElec rN++ Will+ Str-5 SInv}
   (You found it on level 3 of the Dungeon)

   [ring of see invisible]

   Str:       It affects your strength (-5).
   rElec:     It insulates you from electricity.
   rN:        It greatly protects you from negative energy.
   SInv:      It lets you see invisible.
   Will:      It increases your willpower.
Wands
 h - a wand of flame (21)
Scrolls
 d - a scroll of butterflies {unknown}
 e - a scroll of summoning {unknown}
 o - a scroll of teleportation
 p - 2 scrolls of enchant weapon
Potions
 a - a potion of cancellation {unknown}
 c - a potion of curing


   Skills:
 + Level 4.8 Fighting
 * Level 2.5 Long Blades
 - Level 3.2 Ranged Weapons
 + Level 2.2 Armour
 + Level 5.1 Dodging
 - Level 1.1 Stealth


You had 5 spell levels left.
You didn't know any spells.
Your spell library contained the following spells:

 Spells                   Type           Power      Damage    Failure   Level
 Slow                     Hex            0%         N/A       100%        1
 Blink                    Tloc           0%         N/A       100%        2
 Confusing Touch          Hex            0%         N/A       100%        3
 Lesser Beckoning         Tloc           0%         N/A       100%        3
 Vampiric Draining        Necr           0%         2d6       100%        3
 Manifold Assault         Tloc           0%         N/A       100%        5


Dungeon Overview and Level Annotations

Branches:
Dungeon (4/15)
 Temple: D:4-7

Altars:
Trog


Innate Abilities, Weirdness & Mutations

((You are very nimble when in or above water. (Stealth+, EV+, Speed+++)))
Your lower body shifts to a powerful aquatic tail in water.


Message History

The black bear bites you.
The black bear claws you but does no damage. x2
A black bear is nearby!
You hit the black bear.
The black bear is heavily wounded.
The black bear bites you but does no damage.
The black bear claws you but does no damage. x2
A black bear is nearby!
You hit the black bear.
The black bear is heavily wounded.
The black bear bites you. The black bear claws you.
The black bear claws you but does no damage.
You hit the black bear.
The black bear is severely wounded.
The black bear goes berserk!
The black bear bites you! The black bear claws you. x2
You hit the black bear but do no damage.
The black bear is severely wounded.
The black bear bites you. The black bear claws you.
The black bear claws you but does no damage.
The black bear bites you but does no damage.
The black bear claws you. The black bear barely misses you.
You closely miss the black bear.
The black bear is severely wounded.
You block the black bear's attack. The black bear claws you.
The black bear claws you but does no damage.
The black bear bites you. The black bear claws you.
* * * LOW HITPOINT WARNING * * *
The black bear claws you but does no damage.
You are too injured to fight recklessly!
You are too injured to fight recklessly!
You hit the black bear but do no damage.
The black bear is severely wounded.
The black bear bites you.
* * * LOW HITPOINT WARNING * * *
The black bear claws you but does no damage. x2
The black bear bites you!
* * * LOW HITPOINT WARNING * * *
The black bear claws you.
You die...

#.# # #.#
#... #.#
#### #.#
# #.# #
#.# #.# #
#.# . #@#
#.h...$..
#########


You could see a black bear (berserk).

Vanquished Creatures
  An ogre (D:4)
  A scorpion (D:3)
  An orc wizard (D:3)
  2 gnolls (D:3)
  4 adders
  A worm (D:2)
  A dart slug (D:2)
  4 orcs (D:3)
  6 bats
  9 endoplasms
  3 giant cockroaches
  8 goblins
  6 hobgoblins
  2 jackals (D:3)
  2 quokkas
  10 ball pythons
  5 frilled lizards
  7 kobolds
  5 rats
78 creatures vanquished.

Notes
Turn   | Place    | Note
-------+----------+-------------------------------------------
     0 | D:1      | sanboga the Merfolk Hunter began the quest for the Orb.
     0 | D:1      | Reached XP level 1. HP: 16/16 MP: 1/1
    55 | D:1      | Reached skill level 3 in Dodging
    68 | D:1      | Reached XP level 2. HP: 23/23 MP: 2/2
   510 | D:2      | Reached XP level 3. HP: 27/28 MP: 3/3
   533 | D:2      | Reached skill level 1 in Armour
   795 | D:2      | Reached XP level 4. HP: 25/35 MP: 2/4
   950 | D:2      | Reached skill level 4 in Dodging
  1214 | D:2      | Found a faded altar of an unknown god.
  1437 | D:3      | Identified the ring of Olofill {rF+ rC+ rN+ rCorr}
  1529 | D:3      | Identified the ring "Getenusi" {rElec rN++ Will+ Str-5
                  | SInv}
  1773 | D:3      | Identified 3 scrolls of acquirement
  1773 | D:3      | Acquired 744 gold pieces
  2077 | D:3      | Found a bloodstained altar of Trog.
  2087 | D:3      | Became a worshipper of Trog the Wrathful
  2091 | D:3      | Acquired 951 gold pieces
  2093 | D:3      | Acquired a manual of Fighting
  2229 | D:3      | Reached XP level 5. HP: 41/41 MP: 5/5
  2613 | D:4      | Noticed an ogre
  2621 | D:4      | Killed an ogre
  2622 | D:4      | Reached skill level 1 in Long Blades
  2622 | D:4      | Reached XP level 6. HP: 15/49 MP: 6/6
  3164 | D:3      | Reached skill level 5 in Dodging
  3319 | D:4      | Noticed a black bear
  3326 | D:4      | HP: 1/50 [black bear (11)]
  3326 | D:4      | Slain by a black bear

Illustrated notes

Levels and vault maps discovered:
D:1:      scummos_arrival_simple_crosswalls, layout_rooms
D:2:      layout_loops_cross, nicolae_ecumenical_lake_church,
          nicolae_hexahallways, minmay_tiny_reverse_x
D:3:      layout_basic, trog_antimagical, minmay_misc_feat_tower
D:4:      layout_loops_cross, chequers_serial_rivers_large_b

Skill      XL: |  1  2  3  4  5  6 |
---------------+-------------------+-----
Dodging        | 3 4 5 |  5.1
Armour         | 1 2 |  2.2
Fighting       | 3 4 |  4.8
Long Blades    | 1 2 |  2.5
Ranged Weapons | |  3.2
Stealth        | |  1.1

Action                   |  1- 3 |  4- 6 || total
-------------------------+-------+-------++-------
Melee: Long sword        |       |    48 ||    48
 Fire: Shortbow          |    85 |   111 ||   196
  Use: Scroll            |       |     9 ||     9
       Potion            |       |     4 ||     4
Armor: Ring mail         |    15 |    16 ||    31
       Chain mail        |       |    48 ||    48
Dodge: Dodged            |    19 |    53 ||    72
Block: Other             |       |    23 ||    23
       Reflection        |       |     2 ||     2
